 Dungeon Crawl Stone Soup version 0.22-a0-422-g9628fc8 (webtiles) character file.

214166 Mgcat the Brawler (level 18, 0/188 HPs)
             Began as a Troll Fighter on May 17, 2018.
             Was a High Priest of Okawaru.
             Slain by a tarantella (9 damage)
             ... on level 4 of the Spider Nest on May 19, 2018.
             The game lasted 02:05:03 (32540 turns).

Mgcat the Brawler (Troll Fighter)                  Turns: 32540, Time: 02:05:04

Health: 0/188      AC:  9    Str: 24 (25) XL:     18   Next: 29%
Magic:  0/24       EV: 20    Int:  8 (9)  God:    Okawaru [*****.]
Gold:   2076       SH:  0    Dex:  8 (10) Spells: 23/27 levels left

rFire    + + .     SeeInvis +   r - +10 flail of the Candle {pain, rElec rPois Str-5 SInv}
rCold    + . .     Gourm    +   I - +2 shield
rNeg     . . .     Faith    .   Q - +2 robe of the Cast Vote {Str+4}
rPois    +         Spirit   .   H - +2 hat {MR+}
rElec    +         Reflect  +   k - scarf {repulsion}
rCorr    .         Harm     .   (gloves unavailable)
MR       ++...                  (boots unavailable)
Stlth    +.........             N - +4 amulet of reflection
HPRegen  0.81/turn              f - +5 ring of evasion
MPRegen  0.19/turn              U - ring "Feakh" {rElec rPois rF++ rC+ Str-3}

@: confused, lethally poisoned (0 -> -24), repel missiles
A: large, unfitting armour, claws 3, fast metabolism 3, gourmand, regeneration
1, shaggy fur 1, tough skin 2
}: 1/15 runes: barnacled
a: Heroism, Finesse, Renounce Religion


You were on level 4 of the Spider Nest.
You worshipped Okawaru.
Okawaru was extremely pleased with you.
You were completely stuffed.

You visited 5 branches of the dungeon, and saw 31 of its levels.
You also visited: Labyrinth.

You collected 2857 gold pieces.
You spent 781 gold pieces at shops.

Inventory:

Hand Weapons
 a - the +6 longbow of Gapnedoc {velocity, rElec rPois rN++}
   (Okawaru gifted it to you on level 1 of the Lair of Beasts)

   Any arrow fired from it inflicts extra damage.
   It insulates you from electricity.
   It protects you from poison.
   It greatly protects you from negative energy.
 r - the +10 flail of the Candle (weapon) {pain, rElec rPois Str-5 SInv}
   (You found it on level 6 of the Lair of Beasts)

   In the hands of one skilled in necromantic magic, it inflicts extra damage on
   living creatures.
   It affects your strength (-5).
   It insulates you from electricity.
   It protects you from poison.
   It lets you see invisible.
Missiles
 y - 4 curare-tipped needles
 C - 4 tomahawks of dispersal {=f}
 P - 353 arrows
 T - 7 throwing nets {=f, !d}
Armour
 k - a scarf of repulsion (worn)
   (Okawaru gifted it to you on level 6 of the Lair of Beasts)
 H - a +2 hat of magic resistance (worn)
   (Okawaru gifted it to you on level 10 of the Dungeon)
 I - a +2 shield (worn)
   (You took it off a tengu warrior on level 14 of the Dungeon)
 Q - the +2 robe of the Cast Vote (worn) {Str+4}
   (Okawaru gifted it to you on level 1 of the Spider Nest)

   It affects your strength (+4).
Jewellery
 f - a +5 ring of evasion (left claw)
   (You found it on level 12 of the Dungeon)
 o - an uncursed ring of resist corrosion
   (You found it on level 1 of the Shoals)
 x - an uncursed ring of see invisible {sInv, !d}
   (You found it on level 2 of the Spider Nest)
 E - an uncursed ring of flight {+Fly, !d}
   (You took it off a merfolk on level 4 of the Shoals)
 N - a +4 amulet of reflection (around neck)
   (You found it on level 11 of the Dungeon)
 U - the ring "Feakh" (right claw) {rElec rPois rF++ rC+ Str-3}
   (You found it in a labyrinth)

   [ring of protection from cold]

   It affects your strength (-3).
   It greatly protects you from fire.
   It protects you from cold.
   It insulates you from electricity.
   It protects you from poison.
Wands
 j - a wand of scattershot (15)
   (You found it on level 4 of the Lair of Beasts)
 S - a wand of acid (6)
   (You found it in a labyrinth)
 V - a wand of iceblast (44)
   (You found it on level 3 of the Lair of Beasts)
 W - a wand of digging (18)
   (You found it in a labyrinth)
Scrolls
 g - 10 scrolls of fog
 h - 4 scrolls of blinking {!r}
 n - 11 scrolls of remove curse
 s - 4 scrolls of magic mapping {!r}
 t - a scroll of silence {unknown}
 J - 19 scrolls of identify
 K - a scroll of fear
 M - 2 scrolls of amnesia
 O - 7 scrolls of teleportation
Potions
 c - 8 potions of curing
 e - 5 potions of lignification {!q}
 i - a potion of mutation {!q}
 l - a potion of magic
 m - a potion of berserk rage {!q}
 p - 5 potions of cancellation
 q - 4 potions of might
 u - 2 potions of invisibility
 w - 4 potions of agility
 z - 3 potions of flight
 A - 5 potions of brilliance
 X - 3 potions of ambrosia
 Z - 5 potions of resistance
Miscellaneous
 b - a lightning rod (4/4)
   (You found it on level 14 of the Dungeon)
 v - a lamp of fire
   (You found it on level 7 of the Dungeon)
 F - a crystal ball of energy
   (You found it on level 7 of the Dungeon)
 G - a fan of gales
   (You found it on level 10 of the Dungeon)
Comestibles
 d - 36 rations
 B - 4 chunks of flesh {@w0}


   Skills:
 + Level 13.8 Fighting
 - Level 0.1 Bows
 + Level 4.8 Armour
 + Level 12.6 Dodging
 - Level 9.0 Shields
 + Level 15.6 Unarmed Combat
 - Level 5.0 Spellcasting
 - Level 5.0 Transmutations
 - Level 5.0 Fire Magic
 - Level 5.0 Poison Magic
 - Level 10.0 Invocations


You had 23 spell levels left.
You knew the following spells:

 Your Spells              Type           Power        Failure   Level  Hunger
a - Ignite Poison         Fire/Tmut/Pois ##......     10%         3    ###....
b - Sting                 Conj/Pois      #...         10%         1    #......

Your spell library contained the following spells:

 Spells                   Type           Power        Failure   Level  Hunger
 Cause Fear               Hex            #.........   95%         4    #####..
 Slow                     Hex            #.......     36%         2    ##.....
 Throw Frost              Conj/Ice       #.....       36%         2    ##.....
 Mephitic Cloud           Conj/Pois/Air  #.......     38%         3    ###....
 Venom Bolt               Conj/Pois      #.........   95%         5    ######.
 Olgreb's Toxic Radiance  Pois           ##......     32%         4    #####..
 Teleport Other           Tloc           #.......     61%         3    ###....
 Blink                    Tloc           N/A          36%         2    ##.....
 Animate Dead             Necr           N/A          95%         4    #####..
 Pain                     Necr           #...         26%         1    #......
 Animate Skeleton         Necr           N/A          26%         1    #......
 Vampiric Draining        Necr           #.........   61%         3    ###....
 Freeze                   Ice            #...         26%         1    #......
 Summon Ice Beast         Ice/Summ       #.......     95%         4    #####..
 Ozocubu's Armour         Chrm/Ice       #.......     61%         3    ###....
 Regeneration             Chrm/Necr      #.........   61%         3    ###....
 Sublimation of Blood     Necr           #.........   36%         2    ##.....
 Corpse Rot               Necr           N/A          36%         2    ##.....
 Stone Arrow              Conj/Erth      #.....       61%         3    ###....
 Throw Icicle             Conj/Ice       #.......     95%         4    #####..
 Passwall                 Tmut/Erth      #.........   14%         2    ##.....
 Corona                   Hex            #......      26%         1    #......
 Alistair's Intoxication  Tmut/Pois      ##......     67%         5    ######.
 Lee's Rapid Deconstruct  Erth           #.........   100%        5    ######.
 Sandblast                Erth           #.....       26%         1    #......
 Portal Projectile        Hex/Tloc       #.....       61%         3    ###....
 Petrify                  Tmut/Erth      #.......     67%         4    #####..
 Passage of Golubria      Tloc           N/A          95%         4    #####..
 Leda's Liquefaction      Hex/Erth       #.........   95%         4    #####..
 Summon Hydra             Summ           #.........   100%        7    #######
 Shroud of Golubria       Chrm/Tloc      #.........   36%         2    ##.....
 Inner Flame              Hex/Fire       #.......     28%         3    ###....
 Summon Forest            Summ/Tloc      #.........   100%        5    ######.
 Hydra Form               Tmut           ##........   99%         6    #######
 Irradiate                Conj/Tmut      #.........   95%         5    ######.
 Gell's Gravitas          Tloc           #.........   61%         3    ###....
 Lesser Beckoning         Tloc           #.........   61%         3    ###....
 Poisonous Vapours        Pois/Air       #.....       14%         2    ##.....


Dungeon Overview and Level Annotations

Branches:
Dungeon (15/15)            Temple (0/1) D:4            Lair (6/6) D:10
 Shoals (4/4) Lair:2       Spider (4/4) Lair:2          Orc (2/2) D:11
    Elf (0/3) Orc:2        Vaults (0/5) D:14         Depths (0/5) D:15
  Slime: Lair:5-6

Altars:
Cheibriados
Dithmenos
Elyvilon
Fedhas
Gozag
Kikubaaqudgha
Makhleb
Nemelex Xobeh
Okawaru
Qazlal
Ru
Sif Muna
Uskayaw
Vehumet
Yredelemnul
The Shining One
Beogh

Shops:
D:8 !   D:15 %   Orc:2 }*%*

Annotations:
D:6 1 runed door
Lair:4 exclusion: oklob plant
Lair:5 exclusion: 6 oklob plants
Spider:3 Mara
Spider:4 2 exclusions


Innate Abilities, Weirdness & Mutations

You are too large for most types of armour.
You have claws for hands.
Your metabolism is lightning-fast.
You like to eat raw meat.
Your natural rate of healing is unusually fast.
You are covered in fur. (AC +1)
You have very tough skin. (AC +2)


Message History

Something barely misses you.
You scratch something but do no damage.
The jumping spider leaps!
You closely miss something. Something completely misses you.
Something hits you!
You feel clumsy. Something stings you.
The jumping spider leaps!
You scratch something.
You feel you are being watched by something.
You feel your power leaking away. Something hits you! Something hits you.
Something stings you.
The jumping spider leaps!
You block the tarantella's attack.
Put on which piece of jewellery? (? for menu, Esc to quit)
Okay, then.
Unknown command.
Unknown command.
Unknown command.
You claw something! Something hits you but does no damage.
Something closely misses you. Something stings you. The tarantella bites you.
Unknown command.
Unknown command.
You scratch something.
You feel you are being watched by something.
Something hits you!
You feel weakened. You block something's attack. Something stings you.
Wield which item (- for none, * to show all)? (? for menu, Esc to quit)
Reactivating autopickup.
You have a feeling of ineptitude.
r - the +10 flail of the Candle (weapon)
{pain, rElec rPois Str-5 SInv} A ghost moth comes into view.
You block the tarantella's attack. You block the ghost moth's attack.
The ghost moth hits you but does no damage.
You block the ghost moth's attack.
You closely miss the ghost moth.
The ghost moth is moderately wounded.
The jumping spider barely misses you. The jumping spider closely misses you.
You block the tarantella's attack. You block the jumping spider's attack.
The jumping spider barely misses you. The ghost moth stares at you.
The ghost moth barely misses you. The ghost moth hits you.
You feel dopey. The ghost moth misses you.
The tarantella bites you but does no damage.
The jumping spider misses you.
The jumping spider completely misses you.
You sock the ghost moth!
The ghost moth is heavily wounded.
The ghost moth stares at you.
You feel your power leaking away. The ghost moth completely misses you.
You block the ghost moth's attack. The ghost moth stings you.
The tarantella bites you!
The jumping spider completely misses you.
You block the jumping spider's attack.
The jumping spider leaps!
The ghost moth hits you but does no damage.
The ghost moth misses you. The ghost moth closely misses you.
The tarantella bites you!
You are confused.
The jumping spider closely misses you. The jumping spider bites you.
You're too confused!
Unknown command.
The ghost moth stares at you.
The ghost moth hits you but does no damage.
The ghost moth closely misses you. The ghost moth stings you!
You are poisoned.
The ghost moth poisons you! The jumping spider barely misses you.
The jumping spider bites you.
You closely miss the ghost moth.
The ghost moth is moderately wounded.
You feel very sick. The tarantella bites you!
* * * LOW HITPOINT WARNING * * *
You are more confused.
The jumping spider pounces on you but does no damage.
The jumping spider completely misses you.
The ghost moth barely misses you. The ghost moth hits you.
* * * LOW HITPOINT WARNING * * *
You feel clumsy. The ghost moth barely misses you.
The tarantella bites you but does no damage.
The jumping spider closely misses you. x2
The ghost moth completely misses you.
The ghost moth hits you but does no damage.
The ghost moth closely misses you.
You hit the ghost moth but do no damage.
The ghost moth is moderately wounded.
You feel very sick. The tarantella completely misses you.
The jumping spider barely misses you. The jumping spider misses you.
The entropy weaver hits you!
* * * LOW HITPOINT WARNING * * *
The entropy weaver completely misses you.
The entropy weaver hits you.
* * * LOW HITPOINT WARNING * * *
The entropy weaver hits you but does no damage.
The ghost moth stares at you. The ghost moth hits you!
* * * LOW HITPOINT WARNING * * *
The ghost moth completely misses you. The ghost moth stings you.
* * * LOW HITPOINT WARNING * * *
The tarantella bites you!
You die...

##≈...≈#####≈.≈##≈....##≈^.
#...≈### *##≈.^≈......#≈.≈#
#≈..≈## *#^##≈....≈≈.....≈#
##≈≈..###.^.###^≈.##..≈≈###
###≈..≈≈≈..# ############.
#≈..≈≈####************#.
##....≈# *,,+,,,,,,,,*#.
##.≈..##****,,,,,,,,*##
***###≈s@### *,,,**,,,* #
*,***#≈ysa≈##*,,#++#,,*##
*,,,≈##≈s.^≈#***#..##**#.
#..ss≈≈≈≈.^.##**#..≈# ##≈
#####≈≈≈#≈..≈#≈≈##≈.###^^
######≈≈%...##.≈##≈^.
*##^≈.≈^.......≈
#####.....#### #≈.≈###


You could see a ghost moth (invisible), an entropy weaver, 2 jumping spiders and
a tarantella.

Vanquished Creatures
  Bai Suzhen (Spider:2)
  A kraken (Shoals:4)
  Agnes (D:14)
  Polyphemus (Shoals:2)
  Kirke (D:13)
  Ilsuiw (Shoals:4)
  2 frost giants
  2 emperor scorpions
  A stone giant (Orc:2)
  2 entropy weavers
  A dire elephant (Lair:6)
  A spark wasp (Spider:3)
  6 merfolk javelineers
  A minotaur (Lab)
  The ghost of Tungsten the Unseen, a journeyman FeEn of Dithmenos (Shoals:3)
  10 merfolk impalers
  The ghost of Borgoz the Fighter, a journeyman GrAK of Lugonu (Lair:3)
  Josephine (Spider:1)
  4 vault guards (D:14)
  A catoblepas (Shoals:2)
  Erolcha (D:11)
  7 hydras
  4 ogre magi (Orc:2)
  2 alligator snapping turtles (Shoals:4)
  5 centaur warriors
  6 merfolk avatars
  4 merfolk aquamancers
  18 two-headed ogres
  2 satyrs
  A tengu warrior (D:14)
  5 death yaks
  An orc high priest (Orc:2)
  Urug (D:13)
  14 sea snakes
  4 unseen horrors
  Pikel (D:6)
  An orc knight (Orc:2)
  10 harpies
  18 wolf spiders
  19 orb spiders
  22 ugly things
  2 deep elf magi
  2 orc sorcerers (Orc:1)
  12 fauns
  13 manticores
  5 cyclopes
  An elephant (Lair:6)
  20 merfolk sirens
  Maurice (D:12)
  2 water nymphs
  11 spiny frogs
  A black mamba (Lair:4)
  A torpor snail (Spider:3)
  4 gargoyles
  21 demonic crawlers
  4 rime drakes (Lair:6)
  A kobold demonologist (D:7)
  5 komodo dragons
  A yaktaur (D:15)
  The ghost of Thaneod the Chopper, an amateur HOFi (D:4)
  10 trolls
  35 jumping spiders
  33 merfolk
  3 polar bears (Lair:6)
  7 wind drakes
  A harpy zombie (D:15)
  3 meliai
  9 hornets
  11 snapping turtles
  A blink frog (shapeshifter) (D:15)
  A meliai zombie (D:12)
  7 blink frogs
  14 dream sheep
  13 hippogriffs
  3 shadows
  54 redbacks
  28 tarantellas
  A vampire (D:10)
  8 water elementals
  4 wyverns
  38 yaks
  6 wraiths
  3 hogs (D:13)
  5 hungry ghosts
  2 wargs
  A soldier ant (D:11)
  An acid dragon (D:7)
  15 water moccasins
  14 porcupines
  6 ice beasts
  21 orc warriors
  A sky beast (D:10)
  6 eyes of draining
  5 phantoms
  4 black bears
  A necrophage (D:14)
  A slave (D:6)
  33 ogres
  21 wolves
  5 centaurs
  11 crocodiles
  5 big kobolds
  21 bullfrogs
  3 scorpions
  A wyvern skeleton (D:7)
  6 killer bees (D:8)
  4 wights (D:8)
  3 howler monkeys
  8 crimson imps
  A bullfrog zombie (D:5)
  2 jellies
  3 quasits
  2 centaur zombies
  5 hounds
  17 orc priests
  9 centaur skeletons
  30 orc wizards
  Jessica (D:3)
  6 iguanas
  6 worker ants
  A hound zombie (D:10)
  4 hound skeletons
  3 worker ant zombies
  Robin (D:2)
  12 gnolls
  19 adders
  A river rat (D:10)
  2 shadow imps
  12 white imps (Orc:2)
  4 oozes
  An adder zombie (D:7)
  3 worms
  A dart slug (D:2)
  6 leopard geckos
  82 orcs
  4 bats
  8 giant cockroaches
  11 goblins
  12 hobgoblins
  10 jackals
  7 quokkas
  A ball python (D:4)
  4 frilled lizards
  2 jackal zombies
  14 kobolds
  A quokka zombie (D:7)
  7 rats
  A fungus (Lair:6)
  4 tentacles (Shoals:4)
1111 creatures vanquished.

Vanquished Creatures (others)
  A merfolk javelineer (Shoals:1)
  A cyclops (D:14)
  2 fauns
  A yaktaur (D:15)
  3 humans (D:13)
  A bullfrog (D:13)
  9 fungi
  28 plants
  7 tentacles (Shoals:4)
53 creatures vanquished.

Grand Total: 1164 creatures vanquished

Notes
Turn   | Place    | Note
-------+----------+-------------------------------------------
     0 | D:1      | Mgcat the Troll Fighter began the quest for the Orb.
     0 | D:1      | Reached XP level 1. HP: 22/22 MP: 0/0
   123 | D:1      | Reached XP level 2. HP: 29/29 MP: 1/1
   521 | D:2      | Noticed an ogre
   522 | D:2      | Noticed Robin
   549 | D:1      | HP: 4/29 [ogre/giant spiked club (18)]
   551 | D:1      | Killed an ogre
   551 | D:1      | Reached skill level 3 in Fighting
   551 | D:1      | Reached skill level 3 in Unarmed Combat
   551 | D:1      | Reached XP level 3. HP: 7/37 MP: 2/2
   551 | D:1      | Reached XP level 4. HP: 9/45 MP: 3/3
   659 | D:2      | Killed Robin
   659 | D:2      | Reached XP level 5. HP: 46/54 MP: 4/4
   663 | D:2      | Reached skill level 4 in Unarmed Combat
   787 | D:2      | Found an iron altar of Okawaru.
   799 | D:2      | Became a worshipper of Warmaster Okawaru
   926 | D:2      | Found a hide-covered altar of Uskayaw.
  1170 | D:3      | Found a shadowy altar of Dithmenos.
  1236 | D:3      | Reached skill level 4 in Fighting
  1268 | D:3      | Found a snail-covered altar of Cheibriados.
  1425 | D:3      | Noticed Jessica
  1431 | D:3      | Killed Jessica
  2153 | D:4      | Reached XP level 6. HP: 32/62 MP: 5/5
  2210 | D:4      | Found an opulent altar of Gozag.
  2256 | D:4      | Found an ancient bone altar of Kikubaaqudgha.
  2322 | D:4      | Noticed Thaneod's ghost (amateur HOFi)
  2328 | D:4      | Killed Thaneod's ghost
  2328 | D:4      | Reached * piety under Okawaru
  2328 | D:4      | Reached skill level 5 in Fighting
  2328 | D:4      | Reached skill level 5 in Unarmed Combat
  2328 | D:4      | Reached XP level 7. HP: 59/72 MP: 6/6
  2813 | D:4      | Found a staircase to the Ecumenical Temple.
  2892 | D:4      | Reached skill level 6 in Unarmed Combat
  3235 | D:5      | Entered Level 5 of the Dungeon
  3447 | D:5      | Reached ** piety under Okawaru
  3450 | D:5      | Reached skill level 6 in Fighting
  3462 | D:5      | Reached XP level 8. HP: 82/83 MP: 7/7
  3476 | D:5      | Found a blossoming altar of Fedhas.
  3631 | D:5      | Reached skill level 7 in Unarmed Combat
  3821 | D:5      | Found a sparkling altar of Nemelex Xobeh.
  4038 | D:6      | Found a burning altar of Makhleb.
  4038 | D:6      | Noticed a green death
  4289 | D:6      | Reached skill level 8 in Unarmed Combat
  4305 | D:6      | Found the +10 Black Knight's horse barding {ponderous, rPois rN+}
  4386 | D:6      | Noticed Pikel
  4406 | D:6      | Killed Pikel
  4406 | D:6      | Reached *** piety under Okawaru
  4406 | D:6      | Reached skill level 9 in Unarmed Combat
  4406 | D:6      | Reached XP level 9. HP: 70/92 MP: 8/8
  4753 | D:6      | Found a runed door.
  4772 | D:7      | Found a white marble altar of Elyvilon.
  4775 | D:7      | Found a radiant altar of Vehumet.
  5078 | D:7      | Reached skill level 10 in Unarmed Combat
  5680 | D:8      | Found Usenuapp's Distillery.
  5695 | D:8      | Bought a potion of might for 52 gold pieces
  5695 | D:8      | Bought a potion of heal wounds for 65 gold pieces
  5695 | D:8      | Bought a potion of heal wounds for 65 gold pieces
  5695 | D:8      | Bought a potion of curing for 39 gold pieces
  5700 | D:8      | Reached skill level 11 in Unarmed Combat
  5826 | D:8      | Reached **** piety under Okawaru
  5892 | D:8      | Found a stormy altar of Qazlal.
  5904 | D:8      | Reached skill level 12 in Unarmed Combat
  5918 | D:8      | HP: 22/92 [killer bee (5)]
  6120 | D:8      | Reached XP level 10. HP: 89/100 MP: 7/9
  6160 | D:8      | Found a basalt altar of Yredelemnul.
  6256 | D:8      | Reached skill level 1 in Invocations
  6298 | D:8      | Found a glowing golden altar of the Shining One.
  6313 | D:8      | Found a sparkling altar of Nemelex Xobeh.
  6476 | D:8      | Reached skill level 3 in Dodging
  6476 | D:8      | Reached skill level 3 in Shields
  6481 | D:8      | Reached skill level 7 in Fighting
  6539 | D:8      | Noticed a two-headed hydra
  6543 | D:8      | Killed a five-headed hydra
  6543 | D:8      | Reached skill level 2 in Invocations
  6872 | D:7      | Noticed a gargoyle
  6905 | D:7      | Killed a gargoyle
  6905 | D:7      | Reached ***** piety under Okawaru
  6905 | D:7      | Reached skill level 3 in Invocations
  6906 | D:7      | Reached skill level 4 in Dodging
  6906 | D:7      | Reached skill level 4 in Shields
  6989 | D:7      | Got a slimy platinum amulet
  6993 | D:7      | Identified the amulet of Zobuch {Gourm MP-9 Str+4 Dex+5} (You found it on level 7 of the Dungeon)
  7260 | D:9      | Reached XP level 11. HP: 102/109 MP: 3/12
  7569 | D:9      | Found a sacrificial altar of Ru.
  7850 | D:10     | Entered Level 10 of the Dungeon
  7883 | D:10     | Noticed a deep elf mage
  7894 | D:10     | Killed a deep elf mage
  8031 | D:10     | Noticed a two-headed ogre
  8032 | D:10     | Noticed a two-headed ogre
  8039 | D:10     | Killed a two-headed ogre
  8039 | D:10     | Reached skill level 4 in Invocations
  8047 | D:10     | Killed a two-headed ogre
  8047 | D:10     | Reached skill level 8 in Fighting
  8113 | D:10     | Received a gift from Okawaru
  8113 | D:10     | Reached skill level 5 in Dodging
  8113 | D:10     | Reached skill level 5 in Shields
  8340 | D:10     | Noticed a death yak
  8341 | D:10     | Noticed a death yak
  8348 | D:10     | Reached skill level 13 in Unarmed Combat
  8353 | D:10     | Killed a death yak
  8359 | D:10     | Killed a death yak
  8359 | D:10     | Reached skill level 5 in Invocations
  8408 | D:10     | Found a staircase to the Lair.
  8411 | D:10     | Noticed a death yak
  8432 | D:10     | Killed a death yak
  9059 | D:11     | Noticed a two-headed ogre
  9062 | D:11     | Killed a two-headed ogre
  9062 | D:11     | Reached XP level 12. HP: 112/122 MP: 3/15
  9067 | D:11     | Noticed a two-headed ogre
  9075 | D:11     | Killed a two-headed ogre
  9075 | D:11     | Received a gift from Okawaru
  9098 | D:11     | Found an opulent altar of Gozag.
  9137 | D:11     | Found a staircase to the Orcish Mines.
  9232 | D:11     | Reached skill level 6 in Shields
  9235 | D:11     | Reached skill level 6 in Dodging
  9447 | D:11     | Reached skill level 6 in Invocations
  9721 | D:11     | Noticed Erolcha
  9724 | D:11     | Killed Erolcha
  9724 | D:11     | Reached skill level 9 in Fighting
  9929 | Lair:1   | Entered Level 1 of the Lair of Beasts
 10049 | Lair:1   | Received a gift from Okawaru
 10052 | Lair:1   | Got a faintly glowing longbow {god gift}
 10053 | Lair:1   | Identified the +6 longbow of Gapnedoc {velocity, rElec rPois rN++} (Okawaru gifted it to you on level 1 of the Lair of Beasts)
 11576 | Lair:2   | Noticed a five-headed hydra
 11583 | Lair:2   | Killed a five-headed hydra
 11583 | Lair:2   | Reached skill level 1 in Spellcasting
 11788 | Lair:2   | Noticed a four-headed hydra
 11811 | Lair:2   | Killed a four-headed hydra
 11827 | Lair:2   | Found a hole to the Spider Nest.
 12039 | Lair:2   | Found a staircase to the Shoals.
 12481 | Lair:3   | Received a gift from Okawaru
 12542 | Lair:3   | Noticed Borgoz's ghost (journeyman GrAK)
 12550 | Lair:3   | Killed Borgoz's ghost
 12550 | Lair:3   | Reached skill level 7 in Invocations
 12550 | Lair:3   | Reached XP level 13. HP: 108/131 MP: 0/17
 12691 | Lair:3   | Found a labyrinth entrance.
 12700 | Lab      | Entered a labyrinth
 12891 | Lab      | Noticed a minotaur
 12894 | Lab      | Killed a minotaur
 12905 | Lab      | Got a brightly glowing jade ring
 12906 | Lab      | Identified the ring "Feakh" {rElec rPois rF++ rC+ Str-3} (You found it in a labyrinth)
 12988 | Lair:3   | Reached skill level 7 in Dodging
 12988 | Lair:3   | Reached skill level 7 in Shields
 13439 | Lair:4   | Found an opulent altar of Gozag.
 13456 | Lair:4   | Reached skill level 2 in Spellcasting
 13692 | Lair:4   | Reached skill level 14 in Unarmed Combat
 14167 | Lair:5   | Found a deep blue altar of Sif Muna.
 14712 | Lair:6   | Entered Level 6 of the Lair of Beasts
 15138 | Lair:6   | Noticed a dire elephant
 15159 | Lair:6   | Killed a dire elephant
 15536 | Lair:6   | Received a gift from Okawaru
 15545 | Lair:6   | Reached skill level 3 in Spellcasting
 15692 | Lair:6   | Reached skill level 10 in Fighting
 15741 | Lair:6   | Reached skill level 8 in Invocations
 16198 | Lair:6   | Got an iridescent war axe
 16200 | Lair:6   | Got a transparent flail
 16269 | Lair:6   | Identified the cursed +1 war axe "Rexoeg" {chop, MR++} (You found it on level 6 of the Lair of Beasts)
 16271 | Lair:6   | Identified the +10 flail of the Candle {pain, rElec rPois Str-5 SInv} (You found it on level 6 of the Lair of Beasts)
 16282 | Lair:6   | Learned a level 3 spell: Ignite Poison
 16435 | Orc:1    | Entered Level 1 of the Orcish Mines
 16435 | Orc:1    | Found a roughly hewn altar of Beogh.
 16718 | Orc:1    | Reached XP level 14. HP: 136/143 MP: 7/19
 17041 | Orc:2    | Entered Level 2 of the Orcish Mines
 17272 | Orc:2    | Reached skill level 8 in Shields
 17273 | Orc:2    | Reached skill level 8 in Dodging
 17273 | Orc:2    | Reached skill level 1 in Transmutations
 17282 | Orc:2    | Reached skill level 1 in Fire Magic
 17287 | Orc:2    | Reached skill level 1 in Poison Magic
 17436 | Orc:2    | Received a gift from Okawaru
 17542 | Orc:2    | Found Jepsuwet's Gadget Shoppe.
 17542 | Orc:2    | Found Mocwoekk's Food Boutique.
 17542 | Orc:2    | Found Afrael's Assorted Antiques.
 17542 | Orc:2    | Found Pustinum's Assorted Antiques.
 17569 | Orc:2    | Reached skill level 2 in Transmutations
 17602 | Orc:2    | Bought a potion of resistance for 280 gold pieces
 17602 | Orc:2    | Bought a potion of haste for 280 gold pieces
 17779 | Orc:2    | Reached skill level 2 in Fire Magic
 17871 | Orc:2    | Reached skill level 2 in Poison Magic
 18029 | Orc:2    | Found a staircase to the Elven Halls.
 18249 | Orc:2    | Noticed a stone giant
 18258 | Orc:2    | Killed a stone giant
 19301 | D:12     | Found a snail-covered altar of Cheibriados.
 19383 | D:12     | Got a polished flail
 19504 | D:9      | You fall through a shaft for 3 floors!
 19505 | D:12     | Identified the +2 flail "Godgh" {drain, *Slow rC+ Dex+2} (You found it on level 12 of the Dungeon)
 19725 | D:13     | Noticed Urug
 19837 | D:13     | Noticed Kirke
 19845 | D:13     | Killed Kirke
 19863 | D:13     | Killed Urug
 19864 | D:13     | HP: 32/144 [meliai/divine providence (9)]
 20091 | D:13     | Got a fine quarterstaff
 20130 | D:13     | Noticed Maurice
 20140 | D:12     | Killed Maurice
 20174 | D:12     | Reached XP level 15. HP: 47/152 MP: 3/20
 20531 | D:12     | HP: 36/152 [meliai/divine providence (14)]
 20699 | D:13     | Reached skill level 9 in Invocations
 20721 | D:13     | Reached skill level 4 in Spellcasting
 20852 | D:13     | Reached skill level 3 in Transmutations
 20922 | D:13     | HP: 28/152 [eight-headed hydra (15)]
 20955 | D:13     | Reached skill level 3 in Fire Magic
 21218 | D:14     | Reached skill level 3 in Poison Magic
 21241 | D:14     | Found a gate to the Vaults.
 21257 | D:14     | Received a gift from Okawaru
 21466 | D:14     | Noticed Agnes
 21480 | D:14     | Killed Agnes
 21776 | D:14     | Identified a scroll of acquirement
 21777 | D:14     | Got a wavering brass amulet
 21779 | D:14     | Identified the amulet "Zaly" {Spirit -Tele rElec rF+++ Dex+4} (You acquired it on level 14 of the Dungeon)
 21914 | D:14     | Received a gift from Okawaru
 22269 | D:15     | Entered Level 15 of the Dungeon
 22299 | D:15     | Found Deciut's Food Shoppe.
 22413 | D:15     | Reached skill level 9 in Shields
 22597 | D:15     | Reached skill level 9 in Dodging
 22924 | D:15     | Reached skill level 4 in Poison Magic
 22962 | D:15     | Reached skill level 4 in Transmutations
 22969 | D:15     | Received a gift from Okawaru
 22981 | D:15     | Got a scorched quick blade {god gift}
 22982 | D:15     | Identified the +4 quick blade "Xaall" {freeze, rPois} (Okawaru gifted it to you on level 15 of the Dungeon)
 23297 | D:15     | Found a staircase to the Depths.
 23297 | D:15     | Noticed a frost giant
 23307 | D:15     | Killed a frost giant
 23307 | D:15     | Reached skill level 11 in Fighting
 23307 | D:15     | Reached skill level 4 in Fire Magic
 23527 | Shoals:1 | Entered Level 1 of the Shoals
 23754 | Shoals:1 | HP: 38/153 [poisoned by a sea snake]
 23759 | Shoals:1 | HP: 26/153 [poisoned by a sea snake]
 23764 | Lair:2   | HP: 18/153 [poisoned by a sea snake]
 23769 | Lair:2   | HP: 14/153 [poisoned by a sea snake]
 23774 | Lair:2   | HP: 12/153 [poisoned by a sea snake]
 23779 | Lair:2   | HP: 10/153 [poisoned by a sea snake]
 23784 | Lair:2   | HP: 10/153 [poisoned by a sea snake]
 23789 | Lair:2   | HP: 11/153 [poisoned by a sea snake]
 23794 | Lair:2   | HP: 11/153 [poisoned by a sea snake]
 23799 | Lair:2   | HP: 14/153 [poisoned by a sea snake]
 23805 | Lair:2   | HP: 16/153 [poisoned by a sea snake]
 23813 | Lair:2   | HP: 21/153 [poisoned by a sea snake]
 23821 | Lair:2   | HP: 28/153 [poisoned by a sea snake]
 23932 | Lair:2   | Attention buff !!!
 24083 | Shoals:1 | Reached XP level 16. HP: 55/162 MP: 16/22
 24287 | Shoals:1 | Received a gift from Okawaru
 24662 | Shoals:1 | Reached skill level 5 in Spellcasting
 25235 | Shoals:2 | Reached skill level 10 in Invocations
 25278 | Shoals:2 | Noticed Polyphemus
 25316 | Shoals:2 | Killed Polyphemus
 25316 | Shoals:2 | Received a gift from Okawaru
 25316 | Shoals:2 | Reached skill level 5 in Poison Magic
 25330 | Shoals:2 | Reached skill level 5 in Transmutations
 25420 | Shoals:2 | Reached skill level 5 in Fire Magic
 25808 | Shoals:3 | Reached skill level 10 in Dodging
 25971 | Shoals:3 | Noticed Tungsten's ghost (journeyman FeEn)
 25984 | Shoals:3 | Killed Tungsten's ghost
 26196 | Shoals:4 | Entered Level 4 of the Shoals
 26433 | Shoals:4 | Reached skill level 12 in Fighting
 26676 | Shoals:4 | Noticed Ilsuiw
 26726 | Shoals:4 | Received a gift from Okawaru
 26757 | Shoals:4 | Killed Ilsuiw
 26761 | Shoals:4 | Reached skill level 11 in Dodging
 26829 | Shoals:4 | Reached XP level 17. HP: 150/175 MP: 21/23
 26965 | Shoals:4 | Got a barnacled rune of Zot
 27572 | Shoals:4 | Noticed a kraken
 27599 | Shoals:4 | Killed a kraken
 27694 | Shoals:4 | Reached skill level 13 in Fighting
 28055 | Spider:1 | Entered Level 1 of the Spider Nest
 28081 | Spider:1 | Received a gift from Okawaru
 28089 | Spider:1 | Reached skill level 1 in Armour
 28211 | Spider:1 | Got a brightly glowing robe {god gift}
 28222 | Spider:1 | Identified the +2 robe of the Cast Vote {Str+4} (Okawaru gifted it to you on level 1 of the Spider Nest)
 28804 | Spider:1 | Noticed Josephine
 28821 | Spider:1 | Killed Josephine
 28863 | Spider:1 | Reached skill level 2 in Armour
 29102 | Spider:1 | You fall through a shaft!
 29176 | Spider:2 | Reached skill level 15 in Unarmed Combat
 29215 | Spider:2 | Reached skill level 12 in Dodging
 29742 | Spider:1 | Reached skill level 3 in Armour
 30660 | Spider:3 | Noticed Bai Suzhen
 30815 | Spider:2 | Killed Bai Suzhen
 30815 | Spider:2 | Received a gift from Okawaru
 30849 | Spider:2 | Reached XP level 18. HP: 142/187 MP: 24/24
 30903 | Spider:3 | Learned a level 1 spell: Sting
 30946 | Spider:3 | Got a faintly glowing scythe
 30974 | Spider:3 | Reached skill level 4 in Armour
 30979 | Spider:3 | Noticed Mara
 30990 | Spider:2 | HP: 46/187 [poisoned by a redback]
 31447 | Spider:4 | Entered Level 4 of the Spider Nest
 32243 | Spider:4 | Received a gift from Okawaru
 32540 | Spider:4 | HP: 34/188 [entropy weaver (15)]
 32540 | Spider:4 | HP: 13/188 [ghost moth (15)]
 32540 | Spider:4 | Slain by a tarantella

Vault maps used:
D:1:      lightli_arrival_lavapool
D:2:      lemuel_round_altar, okawaru_gym_becter, uniq_robin
D:3:      cheibriados_altar_1, grunt_dithmenos_smoke, minmay_misc_feat_cross,
          uniq_jessica
D:4:      kiku_gazebo_garden_becter, overflow_temple_1_default,
          hangedman_decor_clover_reticule, minivault_5
D:5:      fedhas_altar_2, first_ration, nemelex_dance_club_becter
D:6:      makhleb_altar_promises_db, uniq_pikel, uniq_crazy_yiuf_cottage
D:7:      minmay_the_grid_octo_2x2, vehumet_altar_wand_db, lemuel_crystal_altar
D:8:      nemelex_xobeh_ov_fountains_minmay, grunt_temple_overflow_open,
          nicolae_overflow_crystal_walls, serial_shops, shop_fountains,
          hangedman_ranch
D:9:      nicolae_ru_the_path_less_chosen
D:10:     dpeg_lair_monsters, kennysheep_generic_room_9
D:11:     orc_0_dummy, skrybe_limestone_x,
          nicolae_gozag_cash_rules_everything_around_me, uniq_erolcha
D:12:     basic_altar
D:13:     uniq_urug, uniq_kirke, uniq_maurice
D:14:     lightli_vaults_fourway_checkpoint, basic_loot_grate_trap, uniq_agnes
D:15:     grunt_enter_depths_snipers, serial_shops, shop,
          hangedman_abyss_or_decor_stabs
Lair:1:   minivault_25, serial_bayou_shore_b
Lair:2:   minmay_shoals_entry_lonely_mermaid, spider_nest_entry_webs,
          hibernation_bobbens
Lair:3:   lab_entry_generic
Lair:4:   basic_altar, minmay_lair_oklob_items, grunt_megastairs_4
Lair:5:   minmay_slime_entry_oklob_open, basic_altar, minmay_lair_oklob_chamber
Lair:6:   gammafunk_lair_ancient_temple
Shoals:2: nicolae_shoals_hunting_party, uniq_polyphemus
Shoals:3: nicolae_shoals_isolated_beach
Shoals:4: shoals_end_grunt_ice, shoal_ilsuiw,
          nicolae_shoals_stone_sculpture_thing
Spider:1: uniq_josephine
Spider:2: guppyfry_spider_mini_2
Spider:3: uniq_mara, uniq_bai_suzhen
Spider:4: spider_rune_water
Orc:1:    basic_altar
Orc:2:    st_orc_ogre_mass, portal_ice_cave_entry_imps, minmay_orc_keep
Lab:      labyrinth_spiral, labyrinth_glass_1

Skill      XL: |  1  2  3  4  5  6  7  8  9 10 11 12 13 14 15 16 17 18 |
---------------+-------------------------------------------------------+-----
Fighting       | 3 4 5 6 7 8 9 10 11 12 13 | 13.8
Unarmed Combat | 3 4 5 6 9 12 13 14 15 | 15.6
Invocations    | 3 5 7 8 9 10 | 10.0
Dodging        | 4 5 6 7 8 9 11 12 | 12.6
Shields        | 4 5 6 7 8 9 |  9.0
Spellcasting   | 1 3 4 5 |  5.0
Transmutations | 2 4 5 |  5.0
Fire Magic     | 2 4 5 |  5.0
Poison Magic   | 2 4 5 |  5.0
Armour         | 3 4 |  4.8
Bows           | |  0.1

Action                   |  1- 3 |  4- 6 |  7- 9 | 10-12 | 13-15 | 16-18 || total
-------------------------+-------+-------+-------+-------+-------+-------++-------
Melee: Unarmed           |    69 |   175 |   319 |   529 |  1189 |  1458 ||  3739
       Punch             |     1 |     2 |    14 |    42 |    55 |       ||   114
       Flail             |       |       |       |       |    19 |     4 ||    23
 Fire: Longbow           |       |       |       |    12 |    21 |     9 ||    42
 Cast: Sting             |       |       |       |       |       |     5 ||     5
       Ignite Poison     |       |       |       |       |       |     2 ||     2
Invok: Heroism           |       |       |     5 |    27 |    42 |    33 ||   107
       Finesse           |       |       |       |     1 |    12 |     3 ||    16
Evoke: Wand              |       |       |       |     1 |     7 |     3 ||    11
       Lamp of fire      |       |       |       |       |     2 |     1 ||     3
       Lightning rod     |       |       |       |       |       |     4 ||     4
       Fan of gales      |       |       |       |       |       |     1 ||     1
  Use: Potion            |     1 |     1 |     2 |       |     6 |     2 ||    12
       Scroll            |       |       |    19 |     6 |    16 |     7 ||    48
 Stab: Sleeping          |       |       |     1 |     1 |     2 |       ||     4
       Distracted        |       |       |       |     1 |     1 |       ||     2
       Petrifying        |       |       |       |       |       |     1 ||     1
  Eat: Chunk             |    11 |    16 |    43 |    66 |   112 |    73 ||   321
       Ration            |       |       |       |       |       |     2 ||     2
Armor: Robe              |    25 |    46 |   105 |    90 |   151 |   122 ||   539
       Troll leather arm |       |       |       |       |     6 |    66 ||    72
Dodge: Dodged            |    37 |    88 |   185 |   218 |   666 |   825 ||  2019
       Deflected         |       |       |       |       |    19 |    21 ||    40
Block: Other             |       |       |    14 |    13 |       |       ||    27
       Shield            |       |       |       |       |   350 |  1301 ||  1651
       Reflection        |       |       |       |       |    48 |    62 ||   110

Table legend:
 A = Spawn XP
 B = Non-spawn XP
 C = Spawn XP percentage of total XP
 D = Spawn monster count
 E = Non-spawn monster count
 F = Spawn count percentage of total count
 G = Total turns spent on level
                    A         B        C        D         E        F      G
               +---------+---------+-------+---------+---------+-------+---------
         Total |       0 |  315417 |   0.0 |       0 |    1110 |   0.0 | 32540
               +---------+---------+-------+---------+---------+-------+---------
           D:1 |       0 |     154 |   0.0 |       0 |      22 |   0.0 |   604
           D:2 |       0 |      96 |   0.0 |       0 |      26 |   0.0 |   566
           D:3 |       0 |      69 |   0.0 |       0 |      13 |   0.0 |   932
           D:4 |       0 |     801 |   0.0 |       0 |      33 |   0.0 |  1231
           D:5 |       0 |     716 |   0.0 |       0 |      27 |   0.0 |   806
           D:6 |       0 |    1323 |   0.0 |       0 |      20 |   0.0 |  1019
           D:7 |       0 |    2697 |   0.0 |       0 |      30 |   0.0 |  1652
           D:8 |       0 |    4111 |   0.0 |       0 |      37 |   0.0 |   849
           D:9 |       0 |    1650 |   0.0 |       0 |      26 |   0.0 |   811
          D:10 |       0 |    9176 |   0.0 |       0 |      43 |   0.0 |  1660
          D:11 |       0 |   10220 |   0.0 |       0 |      65 |   0.0 |  1416
          D:12 |       0 |    7468 |   0.0 |       0 |      42 |   0.0 |  1190
          D:13 |       0 |   12941 |   0.0 |       0 |      45 |   0.0 |   976
          D:14 |       0 |   16698 |   0.0 |       0 |      40 |   0.0 |  1109
          D:15 |       0 |   18057 |   0.0 |       0 |      31 |   0.0 |  1088
        Lair:1 |       0 |    3176 |   0.0 |       0 |      20 |   0.0 |   992
        Lair:2 |       0 |    5740 |   0.0 |       0 |      17 |   0.0 |  1177
        Lair:3 |       0 |    1877 |   0.0 |       0 |       6 |   0.0 |   691
        Lair:4 |       0 |    4782 |   0.0 |       0 |      26 |   0.0 |   893
        Lair:5 |       0 |    3100 |   0.0 |       0 |      15 |   0.0 |   659
        Lair:6 |       0 |   14498 |   0.0 |       0 |      47 |   0.0 |  1547
      Shoals:1 |       0 |   17611 |   0.0 |       0 |      34 |   0.0 |   974
      Shoals:2 |       0 |   18041 |   0.0 |       0 |      29 |   0.0 |   806
      Shoals:3 |       0 |   15796 |   0.0 |       0 |      32 |   0.0 |   774
      Shoals:4 |       0 |   46285 |   0.0 |       0 |      74 |   0.0 |  1603
      Spider:1 |       0 |   15212 |   0.0 |       0 |      38 |   0.0 |  1570
      Spider:2 |       0 |   25798 |   0.0 |       0 |      66 |   0.0 |  1220
      Spider:3 |       0 |   13172 |   0.0 |       0 |      36 |   0.0 |   805
      Spider:4 |       0 |   18112 |   0.0 |       0 |      50 |   0.0 |   890
         Orc:1 |       0 |    3822 |   0.0 |       0 |      33 |   0.0 |   807
         Orc:2 |       0 |   21072 |   0.0 |       0 |      86 |   0.0 |  1009
           Lab |       0 |    1146 |   0.0 |       0 |       1 |   0.0 |   214
               +---------+---------+-------+---------+---------+-------+---------

Vault maps used:
D:1:      lightli_arrival_lavapool
D:2:      lemuel_round_altar, okawaru_gym_becter, uniq_robin
D:3:      cheibriados_altar_1, grunt_dithmenos_smoke, minmay_misc_feat_cross,
          uniq_jessica
D:4:      kiku_gazebo_garden_becter, overflow_temple_1_default,
          hangedman_decor_clover_reticule, minivault_5
D:5:      fedhas_altar_2, first_ration, nemelex_dance_club_becter
D:6:      makhleb_altar_promises_db, uniq_pikel, uniq_crazy_yiuf_cottage
D:7:      minmay_the_grid_octo_2x2, vehumet_altar_wand_db, lemuel_crystal_altar
D:8:      nemelex_xobeh_ov_fountains_minmay, grunt_temple_overflow_open,
          nicolae_overflow_crystal_walls, serial_shops, shop_fountains,
          hangedman_ranch
D:9:      nicolae_ru_the_path_less_chosen
D:10:     dpeg_lair_monsters, kennysheep_generic_room_9
D:11:     orc_0_dummy, skrybe_limestone_x,
          nicolae_gozag_cash_rules_everything_around_me, uniq_erolcha
D:12:     basic_altar
D:13:     uniq_urug, uniq_kirke, uniq_maurice
D:14:     lightli_vaults_fourway_checkpoint, basic_loot_grate_trap, uniq_agnes
D:15:     grunt_enter_depths_snipers, serial_shops, shop,
          hangedman_abyss_or_decor_stabs
Lair:1:   minivault_25, serial_bayou_shore_b
Lair:2:   minmay_shoals_entry_lonely_mermaid, spider_nest_entry_webs,
          hibernation_bobbens
Lair:3:   lab_entry_generic
Lair:4:   basic_altar, minmay_lair_oklob_items, grunt_megastairs_4
Lair:5:   minmay_slime_entry_oklob_open, basic_altar, minmay_lair_oklob_chamber
Lair:6:   gammafunk_lair_ancient_temple
Shoals:2: nicolae_shoals_hunting_party, uniq_polyphemus
Shoals:3: nicolae_shoals_isolated_beach
Shoals:4: shoals_end_grunt_ice, shoal_ilsuiw,
          nicolae_shoals_stone_sculpture_thing
Spider:1: uniq_josephine
Spider:2: guppyfry_spider_mini_2
Spider:3: uniq_mara, uniq_bai_suzhen
Spider:4: spider_rune_water
Orc:1:    basic_altar
Orc:2:    st_orc_ogre_mass, portal_ice_cave_entry_imps, minmay_orc_keep
Lab:      labyrinth_spiral, labyrinth_glass_1

Table legend:
 A = Turns spent in this place as a percentage of turns spent in the entire game.
 B = Non-inter-level travel turns spent in this place as a percentage of non-inter-level travel turns spent in the entire game.
 C = Inter-level travel turns spent in this place as a percentage of turns spent in this place.
 D = Turns resting spent in this place as a percentage of non-inter-level travel turns spent in this place.
 E = Turns spent auto-exploring this place as a percentage of non-inter-level travel turns spent in this place.
 F = Non-inter-level travel turns spent in this place divided by the number of levels of this place that you've seen.
                   A       B       C       D       E      F
               +-------+-------+-------+-------+-------+----------------------
         Total | 100.0 | 100.0 |   8.9 |   3.2 |  67.4 | 926.7
       Dungeon |  48.9 |  47.2 |  12.1 |   2.3 |  72.1 | 932.4
          Lair |  18.3 |  18.3 |   8.7 |   0.6 |  79.2 | 906.7
        Shoals |  12.8 |  13.6 |   2.9 |   3.3 |  55.6 | 1009.0
   Spider Nest |  13.8 |  14.3 |   5.4 |   9.1 |  56.0 | 1060.2
  Orcish Mines |   5.6 |   5.9 |   4.4 |   5.1 |  56.6 | 868.0
     Labyrinth |   0.7 |   0.7 |   0.0 |   0.0 |   0.0 | 214.0
               +-------+-------+-------+-------+-------+----------------------

Table legend:
 A = Kills in this place as a percentage of kills in entire the game.
 B = Kills by you in this place as a percentage of kills by you in the entire game.
 C = Kills by friends in this place as a percentage of kills by friends in the entire game.
 D = Other kills in this place as a percentage of other kills in the entire game.
 E = Experience gained in this place as a percentage of experience gained in the entire game.
 F = Experience gained in this place divided by the number of levels of this place that you have seen.
                   A       B       C       D       E      F
               +-------+-------+-------+-------+-------+----------------------
         Total | 100.0 | 100.0 |   N/A | 100.0 | 100.0 | 9856.8
       Dungeon |  45.0 |  45.1 |   N/A |  40.0 |  27.3 | 5745.1
          Lair |  11.8 |  11.9 |   N/A |   0.0 |  10.5 | 5528.8
        Shoals |  15.2 |  15.0 |   N/A |  60.0 |  31.0 | 24433.2
   Spider Nest |  17.1 |  17.2 |   N/A |   0.0 |  22.9 | 18073.5
  Orcish Mines |  10.7 |  10.8 |   N/A |   0.0 |   7.9 | 12447.0
     Labyrinth |   0.1 |   0.1 |   N/A |   0.0 |   0.4 | 1146.0
               +-------+-------+-------+-------+-------+----------------------
